AoeStats
← jooseflj

MegaRandom

510349977Analyzed
2v2 RM · 19h ago on Sep 30, 2026· 93m 14s· 4 players
Game mode
Random Map
Map size
Medium (4 player)
Population
200
Speed
Normal
Resources
Standard
Victory
Conquest
Starting age
Dark Age
Ending age
Imperial Age
RankedLock teamsTeams togetherTeam positionsShared explorationLock speedFull tech treeHidden civsTurbo modeCheats
Victory
Defeat
🇩🇪 Danes · Germany
413
+16
🇩🇪 Franks · Germany
413
+16
🇸🇪 Saxons · Sweden
443
-17
🇸🇪 Goths · Sweden
387
-15
SmacTac
8:47 Loom
14:50 Feudal Age
15:47 Double-Bit Axe
15:45 Horse Collar
16:23 Town Watch
17:00 Stone Mining
17:02 Gold Mining
19:29 Wheelbarrow
22:32 Forging
22:26 Scale Mail Armor
23:47 Fletching
26:41 Padded Archer Armor
28:50 Castle Age
29:20 Pikeman
30:03 Bodkin Arrow
32:06 Iron Casting
32:27 Leather Archer Armor
32:28 Chain Mail Armor
32:14 Murder Holes
32:45 Hand Cart
33:57 Heavy Plow
36:17 Bow Saw
36:35 Ballistics
36:42 Crossbowman
43:35 Imperial Age
42:09 Hamask
43:36 Gold Shaft Mining
44:06 Town Patrol
45:31 Conscription
46:30 Blast Furnace
45:19 Arrowslits
46:11 Bracer
46:59 Ring Archer Armor
47:28 Plate Mail Armor
49:35 Stone Shaft Mining
49:09 Elite Longship
49:35 Northmen's Fury
52:20 Scale Barding Armor
53:36 Chemistry
52:45 Siege Engineers
55:11 Chain Barding Armor
54:15 Elite Jomsviking
55:07 Onager
55:26 Elite Varangian Guard
62:21 Siege Onager
63:27 Masonry
65:36 Hoardings
64:40 Capped Ram
65:47 Siege Ram
66:28 Heated Shot
88:50 Spies/Treason
Häslaus
1:15 Loom
12:45 Feudal Age
14:00 Double-Bit Axe
20:51 Castle Age
19:29 Wheelbarrow
18:40 Town Watch
20:36 Scale Mail Armor
20:47 Forging
27:08 Pikeman
31:09 Chain Mail Armor
41:47 Hand Cart
47:42 Imperial Age
44:47 Demolition Ship
47:47 Bow Saw
49:00 Elite Throwing Axeman
50:06 Conscription
54:07 Cavalier
56:07 Heavy Demolition Ship
58:29 Medium Warships
60:23 Paladin
61:06 Fletching
61:26 Scale Barding Armor
75:05 Bodkin Arrow
75:56 Plate Mail Armor
76:01 Iron Casting
75:48 Chain Barding Armor
jooseflj
1:11 Loom
7:44 Loom
16:25 Feudal Age
18:02 Wheelbarrow
17:12 Town Watch
18:35 Forging
18:16 Fletching
18:32 Scale Barding Armor
18:28 Scale Mail Armor
18:28 Padded Archer Armor
19:57 Man-at-Arms
30:25 Castle Age
33:11 Iron Casting
32:33 Bodkin Arrow
32:59 Chain Barding Armor
32:55 Leather Archer Armor
33:20 Elite Skirmisher
41:15 Masonry
41:01 Murder Holes
40:48 Treadmill Crane
41:30 Ballistics
49:15 Chain Mail Armor
49:23 Crossbowman
54:22 Light Cavalry
55:13 Bloodlines
57:51 Husbandry
60:50 Siphons
69:20 Anarchy
77:22 Imperial Age
kavelykeppimies
0:48 Loom
14:02 Feudal Age
14:28 Horse Collar
14:37 Double-Bit Axe
15:33 Wheelbarrow
17:44 Scale Barding Armor
17:56 Bloodlines
19:23 Bloodlines
26:08 Castle Age
27:28 Hand Cart
27:16 Heavy Plow
27:28 Bow Saw
32:25 Chain Barding Armor
44:02 Forging
52:41 Medium Warships
55:36 Scale Mail Armor
56:13 Iron Casting
58:10 Murder Holes
60:48 Imperial Age
61:28 Chain Mail Armor
62:00 Heavy Warships
63:26 Hoardings
63:22 Cavalier
66:17 Elite Hearth Troop
68:13 Caravan
68:58 Plate Mail Armor
67:57 Elite Varangian Guard
68:25 Shield Wall
71:54 Elite Varangian Guard
76:34 Onager
78:50 Squires
Connection lost

Rejoining the realm…

Still unreachable

The connection could not be restored.

Session expired

The server has moved on; the page needs a fresh start.